AoeStats
← soyshishigank

Arabia

510004838Analyzed
1v1 RM · 2d ago on Sep 29, 2026· 34m 11s· 2 players
Game mode
Random Map
Map size
Tiny (2 player)
Population
200
Speed
Normal
Resources
Standard
Victory
Conquest
Starting age
Dark Age
Ending age
Imperial Age
RankedLock teamsTeams togetherTeam positionsShared explorationLock speedFull tech treeHidden civsTurbo modeCheats
Victory
Defeat
🇨🇱 Vikings · Chile
769
+15
🇿🇼 Aztecs · Zimbabwe
744
-15
Synovus NET
10:43 Feudal Age
11:26 Double-Bit Axe
15:36 Forging
15:17 Man-at-Arms
25:27 Castle Age
24:34 Scale Mail Armor
25:28 Eagle Warrior
27:06 Gold Mining
soyshishigank
7:24 Loom
9:34 Feudal Age
10:26 Double-Bit Axe
12:14 Town Watch
14:22 Fletching
20:49 Castle Age
21:12 Padded Archer Armor
21:44 Stone Mining
22:13 Bodkin Arrow
22:31 Crossbowman
28:15 Leather Archer Armor
31:12 Ballistics
Connection lost

Rejoining the realm…

Still unreachable

The connection could not be restored.

Session expired

The server has moved on; the page needs a fresh start.